 Dungeon Crawl Stone Soup version 0.29.1-2-gbd0b4ee654 (webtiles) character file.

Game seed: 7399961257425586936

17 Sabo the Shield-Bearer (level 2, 29/29 HPs)
             Began as a Troll Fighter on Oct 31, 2022.
             Was a Follower of Vehumet.
             Got out of the dungeon alive.
             The game lasted 00:03:37 (542 turns).

Sabo the Shield-Bearer (Troll Fighter)               Turns: 542, Time: 00:03:38

Health: 29/29      AC:  4    Str: 23    XL:     2   Next: 44%
Magic:  1/1        EV: 12    Int:  4    God:    Vehumet [*.....]
Gold:   45         SH:  7    Dex:  9    Spells: 1/1 levels left

rFire   . . .      SeeInvis .   a - +0 war axe
rCold   . . .      Faith    .   c - +0 kite shield
rNeg    . . .      Spirit   .   b - +0 robe
rPois   .          Reflect  .   (helmet restricted)
rElec   .          Harm     .   (no cloak)
rCorr   .          Rampage  .   (gloves unavailable)
Will    .....                   (boots unavailable)
Stlth   +.........              (no amulet)
HPRegen 0.89/turn               f - +4 ring of evasion
MPRegen 0.07/turn               (no ring)

@: no status effects
A: large, unfitting armour, claws 3, regeneration 1, shaggy fur 1, tough skin 1
a: Renounce Religion


You escaped.
You worshipped Vehumet.
Vehumet was aware of your devotion.
You visited 1 branch of the dungeon, and saw 1 of its levels.

You collected 45 gold pieces.

Inventory:

Hand Weapons
 a - a +0 war axe (weapon)
 h - a +1 hand axe of distortion
Armour
 b - a +0 robe (worn)
 c - a +0 kite shield (worn)
Jewellery
 f - a +4 ring of evasion (left claw)
Potions
 d - a potion of might
 e - 2 potions of attraction {unknown}
 g - 2 potions of curing {unknown}


   Skills:
 + Level 2.6 Fighting
 + Level 1.7 Axes
 + Level 2.6 Dodging
 + Level 3.0 Shields


You had one spell level left.
You didn't know any spells.
Your spell library was empty.

Dungeon Overview and Level Annotations

Branches:
Dungeon (1/15)

Altars:
Vehumet


Innate Abilities, Weirdness & Mutations

You are too large for most types of armour.
You have claws for hands.
Your natural rate of healing is unusually fast.
You are covered in fur. (AC +1)
You have tough skin. (AC +1)


Message History

HP restored.
Things that are here:
a +0 whip; a kobold corpse; a bat corpse You see here a +0 club.
You see here a +1 hand axe of distortion.
h - a +1 hand axe of distortion You see here a +0 club.
You see here a +0 club.
You now have 45 gold pieces (gained 10).
Found a stone staircase leading down.
Found a knobbly runed staff.
You see here a staff of air.
A ball python comes into view.
The ball python hisses angrily.
The ball python barely misses you.
You slash the ball python!
You kill the ball python!
You see here a ball python corpse.
Found a faded altar of an unknown god.
Found an escape hatch in the floor.
A goblin comes into view. It is wielding a +0 dagger.
The goblin shouts!
You slash the goblin!
You kill the goblin!
Your Shields skill increases to level 3!
There is a faded altar of an unknown god here.
You cannot tell which god this altar belongs to.
Convert to them anyway? [Y]es or [N]o only, please.
You cannot tell which god this altar belongs to.
Convert to them anyway?
Vehumet accepts your prayer! Vehumet welcomes you!
You can now gain magical power from killing.
Vehumet offers you knowledge of Shock.
You see here a +0 ring mail.
You open the door.
There is an open door here.
You see here a +0 chain mail.
There is a staircase leading out of the dungeon here.
Are you sure you want to leave the Dungeon?
This will make you lose the game!
You have escaped!

.....# ♣.PPP.♣
.....# ♣♣.♣♣♣.♣
8....#
♣♣..P♣♣.♣
..##.#
♣♣♣....P♣.♣
.###.#
♣....⌠.♣♣.♣ ##
#.# ♣.♣.....♣.♣
# #.#
♣.♣P♣P....♣
#.##♣.♣♣♣♣♣...♣
#..'.....[...@♣
####♣♣♣♣♣♣♣♣♣♣♣


There were no monsters in sight!

Vanquished Creatures
  An endoplasm (D:1)
  A giant cockroach (D:1)
  A goblin (D:1)
  A hobgoblin (D:1)
  3 kobolds (D:1)
  2 ball pythons (D:1)
  5 bats (D:1)
  A frilled lizard (D:1)
  2 rats (D:1)
17 creatures vanquished.

Notes
Turn   | Place    | Note
-------+----------+-------------------------------------------
     0 | D:1      | Sabo the Troll Fighter began the quest for the Orb.
     0 | D:1      | Reached XP level 1. HP: 22/22 MP: 0/0
   275 | D:1      | Reached XP level 2. HP: 27/29 MP: 1/1
   478 | D:1      | Found a faded altar of an unknown god.
   486 | D:1      | Reached skill level 3 in Shields
   487 | D:1      | Prayed at the altar of an unknown god.
   487 | D:1      | Became a worshipper of Vehumet
   487 | D:1      | Reached * piety under Vehumet
   487 | D:1      | Offered knowledge of Shock by Vehumet.
   542 | D:$      | Got out of the dungeon alive.

Illustrated notes

Levels and vault maps discovered:
D:1:      psy_arrival_fountain, layout_rooms, ebering_ecumenical_altar_ruins,
          chequers_garden

Skill      XL: |  1  2 |
---------------+-------+-----
Shields        | 3 |  3.0
Fighting       | |  2.6
Axes           | |  1.7
Dodging        | |  2.6

Action                   || total
-------------------------++-------
Melee: War axe           ||    42
Armor: Robe              ||    24
Dodge: Dodged            ||    30
Block: Kite shield       ||    31
